 Dungeon Crawl Stone Soup version 0.16.1-30-g34a7ffa (webtiles) character file.

67 Krapule the Insei (level 4, -3/29 HPs)
             Began as an Octopode Transmuter on June 21, 2015.
             Slain by a gnoll
             ... wielding a +0 flail
              (8 damage)
             ... on level 2 of the Dungeon.
             The game lasted 00:03:14 (1591 turns).

Krapule the Insei (Octopode Transmuter)             Turns: 1591, Time: 00:03:15

Health: -3/29      AC:  1    Str:  9    XL:     4   Next: 16%
Magic:  8/8        EV: 12    Int: 15    God:
Gold:   43         SH:  0    Dex: 13    Spells: 1 memorised, 6 levels left

rFire  . . .     SeeInvis .       - Unarmed
rCold  + . .     Clarity  +     (no shield)
rNeg   . . .     SustAb   .     (helmet restricted)
rPois  .         Gourm    .     e - amulet of clarity
rElec  .         Spirit   .     c - ring of protection from cold
rCorr  .         Warding  .     (no ring)
rMut   .         Stasis   .     (no ring)
MR     .....                    (no ring)
Stlth  ++........               (no ring)
                                (no ring)
                                (no ring)
                                (no ring)

@: not resistant to hostile enchantments, unstealthy
A: almost no armour, amphibious, 8 rings, constrict 8, camouflage 1, gelatinous
body 1
a: no special abilities


You were on level 2 of the Dungeon.
You were not hungry.

You visited 1 branch of the dungeon, and saw 2 of its levels.

You collected 43 gold pieces.

Inventory:

Missiles
 b - 12 arrows
Jewellery
 c - a ring of protection from cold (left tentacle)
 e - an amulet of clarity (around mantle)
 p - an uncursed amulet of resist mutation {unknown}
Scrolls
 f - a scroll of teleportation {unknown}
 g - 7 scrolls of identify {unknown}
 i - a scroll of random uselessness {unknown}
 j - a scroll of amnesia {unknown}
 k - 2 scrolls of remove curse {unknown}
 l - a scroll of fog {unknown}
Potions
 h - a potion of magic {unknown}
 m - 2 potions of poison {unknown}
 n - a potion of resistance {unknown}
 o - a potion of might {unknown}
 q - a potion of ambrosia {unknown}
Books
 d - a book of Changes

   Spells                             Type                      Level
   a - Beastly Appendage              Transmutation                1
   b - Sticks to Snakes               Transmutation                2
   c - Spider Form                    Transmutation/Poison         3
   d - Ice Form                       Ice/Transmutation            4
   e - Blade Hands                    Transmutation                5
Comestibles
 a - 2 bread rations


   Skills:
 + Level 2.0 Fighting
 + Level 2.5 Dodging
 + Level 3.5 Unarmed Combat
 + Level 2.3 Spellcasting
 + Level 2.4 Transmutations


You had 6 spell levels left.
You knew the following spells:

 Your Spells              Type           Power        Failure   Level  Hunger
a - Beastly Appendage     Trmt           #.....       10%         1    #......


Dungeon Overview and Level Annotations

Branches:
Dungeon (2/15)

Altars:


Innate Abilities, Weirdness & Mutations

You cannot wear most types of armour.
You are amphibious.
You can wear up to eight rings at the same time.
You can use your tentacles to constrict many enemies at once.
Your skin changes colour to match your surroundings (Stealth).
Your rubbery body absorbs attacks (AC +1).


Message History

The gnoll hits you but does no damage.
Things that are here:
a halberd; a gnoll corpse You tentacle-slap the gnoll.
Your grab misses the gnoll.
The gnoll is moderately wounded.
The gnoll hits you with a spear.
You tentacle-slap the gnoll. You grab the gnoll.
The gnoll is heavily wounded.
You constrict the gnoll. The gnoll hits you with a spear.
You tentacle-slap the gnoll. You squeeze the gnoll.
The gnoll is severely wounded.
You constrict the gnoll. The gnoll hits you with a spear!
* * * LOW HITPOINT WARNING * * *
You tentacle-slap the gnoll.
You kill the gnoll!
Your Fighting skill increases to level 2!
You closely miss the gnoll. You grab the gnoll.
You constrict the gnoll, but do no damage.
The gnoll hits you with a flail!
You die...

#..##.#
#######.#.#
#..##.###
#.......#.#
#.......#
#.#######.#
##.##.#.#
#.#.......#
#..#.#.#
###.#.#######
##)#.# #
#<..#.# #...#
#####.# ##..#
#.# #..# #@#
#.># #g# ##.#
#.# #.# #.#
#.# #.# #.#
#.. #.# ###
#.#


You could see a gnoll.

Vanquished Creatures
  2 gnolls (D:2)
  An adder (D:2)
  A giant mite (D:1)
  A worm (D:2)
  A giant gecko (D:1)
  An ooze (D:1)
  A goblin (D:2)
  5 hobgoblins
  3 jackals (D:1)
  3 kobolds (D:1)
  A ball python (D:1)
  2 bats (D:2)
  A giant cockroach (D:1)
  A giant newt (D:1)
  A rat (D:2)
25 creatures vanquished.

Notes
Turn   | Place    | Note
--------------------------------------------------------------
     0 | D:1      | Krapule, the Octopode Transmuter, began the quest for the Orb.
     0 | D:1      | Reached XP level 1. HP: 13/13 MP: 3/3
   223 | D:1      | Reached XP level 2. HP: 11/18 MP: 4/4
   898 | D:1      | Reached XP level 3. HP: 16/23 MP: 6/6
  1585 | D:2      | Reached XP level 4. HP: 19/29 MP: 8/8
  1591 | D:2      | Slain by a gnoll

Action                   |  1- 3 |  4- 6 || total
-------------------------+-------+-------++-------
Melee: Unarmed           |    67 |     5 ||    72
 Stab: Sleeping          |     1 |       ||     1
  Eat: Chunk             |     2 |       ||     2
